 Dungeon Crawl Stone Soup version 0.27.1 (webtiles) character file.

Game seed: 15297415259263106613

214 r3algoood the Conjurer (level 5, -10/37 (38) HPs)
             Began as a Draconian Conjurer on Sept 2, 2021.
             Mangled by Crazy Yiuf (16 damage)
             ... on level 3 of the Dungeon.
             The game lasted 00:08:57 (3290 turns).

r3algoood the Conjurer (Draconian Conjurer)         Turns: 3290, Time: 00:08:58

HP:   -10/37 (38)   AC:  5    Str:  9    XL:     5   Next: 59%
MP:   1/10          EV: 12    Int: 20    God:
Gold: 108           SH:  0    Dex:  9    Spells: 0/11 levels left

rFire    . . .     SeeInvis .   a - +2 dagger (venom)
rCold    . . .     Faith    .   (no shield)
rNeg     . . .     Spirit   .   (armour unavailable)
rPois    .         Reflect  .   (helmet restricted)
rElec    .         Harm     .   (no cloak)
rCorr    .         Rampage  .   (no gloves)
Will     .....                  (no boots)
Stlth    ++........             (no amulet)
HPRegen  0.12/turn              (no ring)
MPRegen  0.12/turn              (no ring)

@: very slightly contaminated, lightly drained
A: AC +5, unfitting armour, cold-blooded
a: no special abilities


You were on level 3 of the Dungeon.
You visited 1 branch of the dungeon, and saw 3 of its levels.

You collected 108 gold pieces.

Inventory:

Hand Weapons
 a - a +2 dagger of venom (weapon)
 d - a +0 dagger of holy wrath
Scrolls
 b - a scroll of identify {unknown}
 e - a scroll of noise {unknown}
 i - a scroll of teleportation {unknown}
 j - a scroll of fear {unknown}
Potions
 c - 2 potions of curing {unknown}
 f - a potion of invisibility {unknown}
 g - a potion of attraction {unknown}
 h - a potion of brilliance {unknown}


   Skills:
 + Level 2.1 Dodging
 + Level 2.0 Stealth
 + Level 3.7 Spellcasting
 + Level 5.4 Conjurations
 * Level 1.1 Hexes


You couldn't memorise any spells.
You knew the following spells:

 Your Spells              Type           Power      Damage    Failure   Level
a - Magic Dart            Conj           100%       1d8       1%          1
b - Searing Ray           Conj           50%        3d5       2%          2
c - Fulminant Prism       Conj/Hex       8%         3d7       34%         4
d - Iskenderun's Mystic   Conj/Tloc      14%        2d5       41%         4

Your spell library contained the following spells:

 Spells                   Type           Power      Damage    Failure   Level
 Dazzling Flash           Conj/Hex       32%        N/A       11%         3
 Gell's Gravitas          Tloc           1%         N/A       36%         3
 Lesser Beckoning         Tloc           1%         N/A       36%         3
 Teleport Other           Tloc           3%         N/A       36%         3
 Silence                  Hex/Air        2%         N/A       96%         5
 Agony                    Necr           3%         N/A       98%         5


Dungeon Overview and Level Annotations

Branches:
Dungeon (3/15)

Altars:

Annotations:
D:3 Crazy Yiuf


Innate Abilities, Weirdness & Mutations

Your plain brown scales are hard. (AC +5)
You cannot fit into any form of body armour.
You are cold-blooded and may be slowed by cold attacks.


Message History

Crazy Yiuf hits you with a +3 quarterstaff of chaos!
You resist with some effort.
Casting: Iskenderun's Mystic Blast (extremely dangerous; 41% risk of failure)
Confirm with . or Enter, or press ? or * to list all spells.
The spell is extremely dangerous to cast (41% risk of failure)!
Continue anyway?
You miscast Iskenderun's Mystic Blast.
You catch a glimpse of the back of your own head.
You are magically locked in place.
Crazy Yiuf barely misses you.
You cannot move.
You cannot move.
You cannot move.
You hit Crazy Yiuf but do no damage.
Crazy Yiuf is poisoned.
Crazy Yiuf hits you with a +3 quarterstaff of chaos.
Crazy Yiuf burns you.
You closely miss Crazy Yiuf.
Crazy Yiuf hits you with a +3 quarterstaff of chaos!
You closely miss Crazy Yiuf.
You are no longer locked in place.
Crazy Yiuf hits you with a +3 quarterstaff of chaos!
* * * LOW HITPOINT WARNING * * *
You feel drained.
* * * LOW HITPOINT WARNING * * *
Casting: Iskenderun's Mystic Blast (extremely dangerous; 41% risk of failure)
Confirm with . or Enter, or press ? or * to list all spells.
You don't have enough magic to cast this spell.
Crazy Yiuf says, "East hand agre!"
Crazy Yiuf laughs, "Rot shoe shoe!"
Crazy Yiuf yells, "Snower!
Mugger snail arga."
You see here a +0 mace.
Crazy Yiuf looks more healthy.
Casting: Iskenderun's Mystic Blast (extremely dangerous; 41% risk of failure)
Confirm with . or Enter, or press ? or * to list all spells.
Aiming: Searing Ray (safe; 2% risk of failure)
Press: ? - help, Shift-Dir - straight line, f - Crazy Yiuf
Aim: Crazy Yiuf, wielding a +3 quarterstaff of chaos and wearing a +0 cloak of stealth (moderately wounded, 82% to hit)
The searing ray hits Crazy Yiuf.
Crazy Yiuf is heavily wounded. (Press . to maintain the ray.) Crazy Yiuf hits you with a +3 quarterstaff of chaos!
You die...

# #.# ##.#
#.# #.##
#.# ##.##
#.# #...##
#.# #....#
#.# #....#
#.###)...#
#.....g..#
#####.@.##
#####


You could see Crazy Yiuf.

Vanquished Creatures
  A black bear (D:3)
  Jessica (D:3)
  3 adders
  A worm (D:3)
  3 dart slugs
  2 orcs (D:3)
  7 endoplasms
  4 giant cockroaches
  5 goblins
  7 hobgoblins
  A jackal (D:2)
  2 quokkas
  7 ball pythons
  5 bats
  3 kobolds (D:1)
  7 rats
59 creatures vanquished.

Vanquished Creatures (others)
  An orc (D:3)
  A rat (D:3)
  A fulminant prism (D:3)
3 creatures vanquished.

Grand Total: 62 creatures vanquished

Notes
Turn   | Place    | Note
-------+----------+-------------------------------------------
     0 | D:1      | r3algoood the Draconian Conjurer began the quest for the
                  | Orb.
     0 | D:1      | Reached XP level 1. HP: 14/14 MP: 3/3
   378 | D:1      | Reached XP level 2. HP: 20/20 MP: 1/5
  1209 | D:1      | Reached XP level 3. HP: 26/26 MP: 4/6
  1253 | D:1      | Found a faded altar of an unknown god.
  1464 | D:2      | Learned a level 2 spell: Searing Ray
  2174 | D:3      | Noticed a black bear
  2194 | D:3      | Reached XP level 4. HP: 30/33 MP: 1/8
  2263 | D:3      | Learned a level 4 spell: Fulminant Prism
  2459 | D:3      | Noticed Jessica
  2462 | D:3      | Killed Jessica
  2463 | D:3      | Reached skill level 5 in Conjurations
  2906 | D:3      | Found a runed translucent door.
  2907 | D:3      | Noticed Crazy Yiuf
  2983 | D:3      | Killed a black bear
  2984 | D:3      | Reached skill level 1 in Hexes
  2984 | D:3      | Reached XP level 5. HP: 34/38 MP: 0/10
  3274 | D:3      | Learned a level 4 spell: Iskenderun's Mystic Blast
  3290 | D:3      | Mangled by Crazy Yiuf

Illustrated notes

Levels and vault maps discovered:
D:1:      dpeg_arrival_concentric_ovals, layout_basic,
          hellmonk_ecumenical_altar_prayer_group
D:2:      layout_basic, chequers_jeans, st_stairs_4
D:3:      layout_rooms, chequers_decorated_corner, lemuel_old_faithful,
          uniq_jessica, uniq_crazy_yiuf_cottage

Skill      XL: |  1  2  3  4 |
---------------+-------------+-----
Dodging        | 2 |  2.1
Spellcasting   | 3 |  3.7
Conjurations   | 5 |  5.4
Stealth        | 2 |  2.0
Hexes          | 1 |  1.1

Action                   |  1- 3 |  4- 6 || total
-------------------------+-------+-------++-------
Melee: Unarmed           |    13 |       ||    13
       Tailslap          |     3 |       ||     3
       Dagger            |     1 |     3 ||     4
 Cast: Magic Dart        |    85 |    42 ||   127
       Searing Ray       |       |     2 ||     2
       Fulminant Prism   |       |     1 ||     1
Armor: Skin              |     8 |       ||     8
Dodge: Dodged            |    10 |     3 ||    13
